 Dungeon Crawl Stone Soup version 0.15.1-1-gfacfea3 (webtiles) character file.

597038 zoltan the Conqueror (level 26, -39/259 (266) HPs)
             Began as a Minotaur Berserker on Sept 24, 2014.
             Was the Champion of Trog.
             Killed from afar by an orb of fire (75 damage)
             ... with a bolt of fire
             ... on Level 4 of the Realm of Zot on Sept 26, 2014.
             The game lasted 13:46:12 (93329 turns).

zoltan the Conqueror (Minotaur Berserker)          Turns: 93329, Time: 13:46:12

HP -39/259 (266) AC 40     Str 27      XL: 26   Next: 38%
MP  10/10        EV 32     Int  9      God: Trog [******]
Gold 4022        SH  0     Dex 19      Spells:  0 memorised, 25 levels left

rFire  . . .     SeeInvis +     a - +9 great mace (antimagic)
rCold  . . .     Clarity  +     Z - +9 chain mail of Dim Light {+Blink rElec Slay+4}
rNeg   + . .     rCorr    .     (no shield)
rPois  +         rRot     .     H - +0 hat {Int+3}
rElec  +         Spirit   .     g - +0 cloak {MR+}
SustAb .         Warding  .     C - +1 pair of gloves of Baloumec {Dex+4 Int+2 SInv}
rMut   .         Stasis   .     z - +5 pair of boots of the Saviour {rPois}
Gourm  .                        B - amulet of the Four Winds {Clar rN+ MR+++}
MR     +++++                    w - +6 ring of protection
                                K - +5 ring of evasion

@: regenerating, almost entirely resistant to hostile enchantments, extremely
unstealthy
A: retaliatory headbutt, horns 2, blurry vision 1, deformed body, spit poison 1,
weak 1
a: Spit Poison, Burn Spellbooks, Berserk, Trog's Hand, Brothers in Arms,
Renounce Religion, Evoke Blink
}: 3/15 runes: barnacled, silver, gossamer


You were on level 4 of the Realm of Zot.
You worshipped Trog.
Trog was exalted by your worship.
You were not hungry.

You visited 10 branches of the dungeon, and saw 55 of its levels.
You visited the Abyss 1 time.
You visited 2 bazaars.
You also visited: Labyrinth.

You collected 8852 gold pieces.
You spent 4830 gold pieces at shops.

Inventory:

Hand weapons
 a - a +9 antimagic great mace (weapon)
 b - a +9 shortbow of freezing
Missiles
 i - 116 poisoned arrows (quivered)
 k - 84 arrows of dispersal
Armour
 g - a +0 cloak of magic resistance (worn)
 z - the +5 pair of boots of the Saviour (worn) {rPois}
   (You acquired it on level 2 of the Elven Halls)

   It protects you from poison.
 C - the +1 pair of gloves of Baloumec (worn) {Dex+4 Int+2 SInv}
   (You bought it in a shop on level 1 of the Shoals)

   It affects your intelligence (+2).
   It affects your dexterity (+4).
   It enhances your eyesight.
 H - a +0 hat of intelligence (worn)
 Z - the +9 chain mail of Dim Light (worn) {+Blink rElec Slay+4}
   (You found it on level 5 of the Vaults)

   It affects your accuracy and damage with ranged weapons and melee attacks
   (+4).
   It insulates you from electricity.
   It lets you blink.
Magical devices
 h - a wand of hasting (6)
 j - a wand of digging (11)
 q - a wand of paralysis (11)
 r - a wand of hasting (7)
 t - a wand of fireball (4)
 G - a wand of disintegration (7)
 W - a wand of teleportation (5)
Comestibles
 A - 32 meat rations
Scrolls
 e - a scroll of vulnerability
 f - 28 scrolls of remove curse
 v - 8 scrolls of teleportation
 F - 3 scrolls of silence
 I - 3 scrolls of identify
 O - 7 scrolls of blinking
 P - 8 scrolls of fear
 S - 8 scrolls of magic mapping
Jewellery
 w - a +6 ring of protection (right hand)
 y - an uncursed ring of invisibility
 B - the amulet of the Four Winds (around neck) {Clar rN+ MR+++}
   (You bought it in a shop on level 1 of the Shoals)

   [amulet of clarity]

   It provides mental clarity.
   It protects you from negative energy.
   It affects your resistance to hostile enchantments.
 K - a +5 ring of evasion (left hand)
 N - an uncursed ring of flight
Potions
 d - 5 potions of resistance
 m - 26 potions of curing
 o - 4 potions of cure mutation
 s - 12 potions of might
 D - 5 potions of flight
 E - 4 potions of agility
 Q - 3 potions of cancellation
 R - 3 potions of restore abilities
 V - a potion of haste
Miscellaneous
 l - a disc of storms
 n - a phial of floods (inert)
 u - a lamp of fire
 L - an ornate deck of summonings {the Crusade}
 M - a legendary deck of defence {the Shadow}
 T - a phial of floods
 U - an ornate deck of defence {the Alchemist}


   Skills:
 O Level 27 Fighting
 - Level 20.2 Maces & Flails
   Level 3.0 Slings
 - Level 17.3 Bows
 - Level 25.6 Armour
 * Level 23.3 Dodging
 - Level 10.6 Evocations


You had 25 spell levels left.
You didn't know any spells.

Dungeon Overview and Level Annotations

Branches:
Dungeon (15/15)            Temple (1/1) D:4             Orc (4/4) D:10
    Elf (3/3) Orc:3          Lair (8/8) D:11         Shoals (5/5) Lair:4
 Spider (5/5) Lair:6        Slime (0/6) Lair:8       Vaults (5/5) D:14
  Crypt (0/3) Vaults:3     Depths (5/5) D:15            Zot (4/5) Depths:5

Altars:
Ashenzari
Cheibriados
Dithmenos
Elyvilon
Fedhas
Makhleb
Okawaru
Qazlal
Trog
Vehumet
Xom
Yredelemnul
The Shining One
Beogh

Shops:
D:8 [   D:10 :   Orc:1 !   Orc:4 [(*=   Elf:1 !   Elf:2 (   Elf:3 }==
Shoals:1 ?=*   Vaults:4 =   Depths:3 *

Portals:
Hell: Depths:1 Depths:2 Depths:3 Depths:4 Depths:5
Abyss: Depths:4 Depths:5
Pandemonium: Depths:3
Ziggurat: Depths:1
Trove: Vaults:4 (give 6 scrolls of blinking)

Annotations:
D:10 exclusion: 2 oklob saplings


Innate Abilities, Weirdness & Mutations

You reflexively headbutt those who attack you in melee.
You have a pair of horns on your head.
Your vision is a little blurry.
Armour fits poorly on your strangely shaped body.
You can spit poison.
You are weak. (Str -2)


Message History

The orb of fire's magic leaks into the air.
Your headbutt misses the orb of fire.
The orb of fire is severely damaged.
The orb of fire emits a lurid red light.
The fireball explodes!
The fireball engulfs you!
* * * LOW HITPOINT WARNING * * *
The fireball engulfs the orb of fire.
The orb of fire completely resists.
Your water elemental completely misses the orb of fire.
You closely miss the orb of fire.
The orb of fire is heavily damaged.
You miss the orb of fire. Your headbutt misses the orb of fire.
The orb of fire is heavily damaged.
The orb of fire glows red.
The bolt of fire misses you.
Your water elemental misses the orb of fire.
You completely miss the orb of fire. Your headbutt misses the orb of fire.
The orb of fire is heavily damaged.
The orb of fire glows bright magenta.
The bolt of fire hits you!
You die...

**,,* *,,**,,*,,*###...## #..#
## **,***,,,,***..*#.....#
#.## #. ***,.,,,,***
#.....#..## ##)# ##.
*....,**** *#...###.## #)##
#.# .....,** *#..#**#..# ##[#
##.. (....,,*####..#* ##.##
#.####..# .......##.....#
##.## ##.###.###
*#....(*.....#*##.##
###.##).##
###*.,####..####@.####.....)##
.....##.....##E*..##.......##
..........#≈≈≈...........###
.....#######≈≈.....###.###
#####* ##≈..######.## ##.####
#..## #.## ##.# ### ###


You could see an orb of fire and a friendly water elemental.

Vanquished Creatures
  An ancient lich (Vaults:5)
  Saint Roka (Orc:4)
  A curse toe (Zot:3)
  Sojobo (Depths:1)
  Norris (D:15)
  8 golden dragons
  An electric golem (Zot:3)
  Frederick (Depths:3)
  Nikola (Vaults:1)
  Arachne (Spider:5)
  Asterion (Depths:1)
  4 liches
  15 tentacled monstrosities
  10 titans
  2 quicksilver dragons
  2 deep elf master archers (Elf:3)
  3 deep elf blademasters
  The ghost of zoltan the Warrior, a mighty MiBe of Trog (Spider:5)
  10 storm dragons
  4 sphinxes
  9 shadow dragons
  Frances (D:15)
  2 thorn hunters (Depths:2)
  Kirke (Spider:1)
  A spectral weapon (Depths:1)
  Roxanne (Spider:5)
  4 tengu reavers
  A draconian monk (Zot:4)
  Ilsuiw (Shoals:5)
  9 fire giants
  10 deep elf sorcerers
  Wiglaf (Vaults:1)
  3 draconian knights
  A draconian scorcher (Zot:2)
  A balrug (Depths:3)
  15 vault wardens
  4 iron dragons
  Aizul (Spider:5)
  3 draconian zealots (Zot:1)
  10 emperor scorpions
  13 frost giants
  Gastronok (D:10)
  5 ghost moths
  Jorgrun (Vaults:5)
  5 draconian shifters
  4 war gargoyles
  A draconian annihilator (Zot:1)
  11 deep elf demonologists
  A reaper (Depths:4)
  20 very ugly things
  4 green draconians
  7 grey draconians
  A curse skull (Depths:3)
  12 draconian callers
  9 stone giants
  A yellow draconian (Zot:2)
  A dire elephant (Depths:4)
  A vampire knight (Depths:3)
  4 white draconians
  2 purple draconians
  6 black draconians
  4 pale draconians
  4 red draconians
  5 mottled draconians
  8 deep elf annihilators
  11 ettins
  A dire elephant (shapeshifter) (D:15)
  An unborn (Vaults:3)
  3 merfolk javelineers (Shoals:3)
  13 fire dragons
  15 yaktaur captains
  4 minotaurs
  32 vault guards
  Josephine (Orc:3)
  10 deep elf death magi
  6 merfolk impalers
  10 rakshasas
  8 great orbs of eyes
  9 deep elf high priests
  13 ironheart preservers
  19 ice dragons
  8 death cobs
  2 spriggan air magi
  9 hydras
  12 ogre magi
  6 sirens
  Erica (Lair:2)
  8 death yaks
  A merfolk aquamancer (Shoals:5)
  4 deep troll earth magi
  An alligator snapping turtle (Shoals:2)
  16 centaur warriors
  A large abomination (Elf:3)
  A dancing weapon (Vaults:5)
  2 ravenous item mimics
  A satyr (Shoals:4)
  8 deep troll shamans
  A death knight (Vaults:3)
  36 hell knights
  An orc high priest (Elf:2)
  4 tengu warriors
  A vampire mage (Depths:5)
  4 sun demons
  3 iron trolls
  6 spriggan berserkers
  5 soul eaters
  4 catoblepae
  5 titan skeletons (Depths:3)
  24 deep elf knights
  2 storm dragon skeletons (Depths:3)
  A fire crab (shapeshifter) (Vaults:3)
  A salamander mystic (Depths:5)
  13 skeletal warriors
  2 ice devils (Depths:3)
  6 shadow wraiths
  A sea snake (shapeshifter) (Vaults:4)
  30 orb spiders
  15 deep elf summoners
  2 unseen horrors
  31 deep trolls
  3 death drakes
  An orb spider (shapeshifter) (Depths:2)
  A wizard (Depths:2)
  Erolcha (D:10)
  3 starcursed masses (Abyss:1)
  An ice statue (Depths:4)
  16 sea snakes
  A hill giant (shapeshifter) (Vaults:5)
  32 wolf spiders
  2 shadow dragon zombies (Vaults:5)
  4 tengu skeletons (Depths:3)
  6 giant orange brains
  3 golden dragon skeletons (Depths:3)
  22 deep elf conjurers
  14 fauns
  10 orc knights
  10 ironbrand convokers
  A frost giant zombie (Vaults:5)
  24 harpies
  8 necromancers
  A faun (shapeshifter) (D:15)
  4 phantasmal warriors
  A red wasp (shapeshifter) (D:15)
  7 cyclopes
  13 griffons
  12 hill giants
  6 water nymphs
  2 salamanders (Depths:5)
  3 shadow dragon skeletons (Depths:3)
  A cyclops (shapeshifter) (Elf:1)
  11 red wasps
  11 elephants
  An orc sorcerer (Orc:4)
  A sixfirhy (D:15)
  A draconian zombie (Zot:1)
  13 manticores
  74 ugly things
  A titan simulacrum (Depths:4)
  3 molten gargoyles (Depths:2)
  16 moths of wrath
  3 fire giant skeletons (Depths:3)
  A centaur zombie (D:13)
  6 frost giant skeletons (Depths:3)
  2 guardian serpents (shapeshifter)
  5 gargoyles
  10 mermaids
  4 torpor snails
  An orange demon (Depths:3)
  4 black mambas
  14 vault sentinels
  14 komodo dragons
  9 iron devils
  2 drowned souls (Shoals:4)
  Psyche (D:8)
  8 spiny frogs
  A tormentor (Elf:3)
  4 kobold demonologists
  A green draconian zombie (Depths:5)
  A fire drake (shapeshifter) (Depths:5)
  2 komodo dragons (shapeshifter)
  43 yaktaurs
  30 demonic crawlers
  5 fire drakes
  27 deep elf priests
  2 elves (shapeshifter)
  A hell beast (Depths:3)
  6 red devils
  A troll (shapeshifter) (D:13)
  19 merfolk
  4 blue devils
  8 trolls
  A tengu conjurer (D:14)
  10 wind drakes
  8 freezing wraiths
  23 two-headed ogres
  A boulder beetle (shapeshifter) (Vaults:5)
  3 fire vortices (Depths:2)
  A hydra skeleton (D:10)
  28 jumping spiders
  3 raiju (Abyss:1)
  A blink frog (shapeshifter) (D:15)
  8 air elementals
  8 ravens
  2 polar bears (Lair:5)
  A raiju (shapeshifter) (Vaults:2)
  A raven (shapeshifter) (Elf:2)
  9 boulder beetles
  21 slime creatures
  13 blink frogs
  9 snapping turtles
  14 flying skulls
  8 water elementals
  18 trapdoor spiders
  7 basilisks
  5 wandering mushrooms
  A ynoxinul (Depths:3)
  An iron dragon simulacrum (Depths:3)
  An elf simulacrum (Depths:4)
  6 shadows
  41 redbacks
  75 yaks
  A spriggan (shapeshifter) (Vaults:3)
  A steam dragon (D:12)
  3 fire elementals (Depths:2)
  2 spriggan skeletons (Depths:3)
  A yak (shapeshifter) (Elf:2)
  2 fire bats (Depths:5)
  2 spriggans
  A tarantella (shapeshifter) (D:13)
  22 tarantellas
  4 wyverns
  33 deep elf magi
  57 deep elf fighters
  2 hogs
  5 wraiths
  A human zombie (Depths:1)
  17 hippogriffs
  7 mottled dragons
  33 vampire mosquitoes
  10 wargs
  A naga (shapeshifter) (Depths:1)
  26 wolves
  16 water moccasins
  3 hell hounds (Depths:4)
  9 porcupines
  An ogre skeleton (D:12)
  8 yellow wasps
  3 human skeletons
  51 orc warriors
  6 phantoms
  5 ice beasts
  5 sky beasts
  4 necrophages
  4 black bears
  8 boggarts
  37 spiders
  An ettin simulacrum (Vaults:3)
  60 ogres
  21 centaurs
  2 boring beetles
  11 crocodiles
  Sigmund (D:5)
  Duvessa (D:4)
  3 big kobolds
  25 giant frogs
  3 earth elementals (Depths:2)
  A brain worm (shapeshifter) (Vaults:5)
  A cyclops zombie (D:14)
  A glowing shapeshifter simulacrum (Vaults:1)
  6 scorpions
  A hippogriff zombie (D:14)
  A water moccasin skeleton (D:8)
  5 wights (D:14)
  A vampire bat (Lair:2)
  10 killer bees
  2 electric eels
  Dowan (D:4)
  A giant frog zombie (D:13)
  2 goliath beetles
  6 jellies
  9 crimson imps
  10 hounds
  A giant frog skeleton (D:11)
  9 iguanas
  A basilisk zombie (D:9)
  An elf zombie (D:11)
  3 elf skeletons
  An iron imp (D:13)
  2 two-headed ogre zombies (Vaults:5)
  10 worker ants
  22 orc priests
  2 quasits
  5 orange rats
  41 orc wizards
  19 sheep
  A killer bee zombie (D:8)
  2 mottled dragon zombies
  4 ogre zombies (Vaults:5)
  A mummy (D:9)
  A hound skeleton (D:10)
  4 gnolls (D:3)
  40 green rats
  24 adders
  2 white imps
  2 giant mites (D:3)
  2 worms
  6 shadow imps
  2 ufetubi
  3 adder skeletons (D:4)
  173 orcs
  2 ball pythons
  A bat skeleton (D:5)
  A bat zombie (D:5)
  8 giant cockroaches
  22 hobgoblins
  20 jackals
  33 kobolds
  14 quokkas
  18 bats
  8 giant geckos
  9 giant newts
  A giant newt skeleton (D:4)
  2 giant spores (D:10)
  19 goblins
  A goblin zombie (Orc:3)
  A kobold skeleton (D:6)
  A kobold zombie (D:6)
  2 orc skeletons (Orc:3)
  An orc zombie (Orc:3)
  11 rats
  A rat zombie (D:8)
  A ballistomycete (D:10)
  9 fungi
  10 plants
2783 creatures vanquished.

Vanquished Creatures (collateral kills)
  Margery (Depths:5)
  A deep elf sorcerer (Elf:3)
  A very ugly thing (D:15)
  2 deep elf demonologists (Elf:3)
  3 deep elf annihilators
  A deep elf death mage (Elf:3)
  4 merfolk javelineers (Shoals:5)
  A crystal guardian (Vaults:4)
  A wizard (Depths:2)
  A fire dragon (Zot:4)
  3 merfolk impalers (Shoals:5)
  An ice dragon (Zot:4)
  A merfolk aquamancer (Shoals:5)
  A satyr (Shoals:5)
  3 hell knights (Depths:5)
  An ice devil (D:15)
  An ironbrand convoker (Vaults:1)
  A necromancer (Depths:5)
  A griffon (Shoals:5)
  A drowned soul (Shoals:5)
  A manticore (Shoals:5)
  2 vault sentinels (Vaults:4)
  3 yaktaurs (Depths:5)
  A deep elf priest (Vaults:4)
  2 wandering mushrooms (Zot:4)
  A komodo dragon (Zot:3)
  4 merfolk (Shoals:5)
  A snapping turtle (Shoals:5)
  A two-headed ogre (Vaults:1)
  An ice dragon skeleton (Zot:4)
  A deep elf mage (Elf:3)
  A ynoxinul (D:15)
  3 ogres
  2 ufetubi (Elf:3)
  An orc (Vaults:1)
55 creatures vanquished.

Vanquished Creatures (others)
  A stone giant (Zot:4)
  A merfolk impaler (Shoals:5)
  A death yak (Lair:8)
  2 deep trolls
  2 hill giants
  A wolf spider (Spider:2)
  A drowned soul (Shoals:4)
  A troll (Zot:4)
  A demonic crawler zombie (Depths:1)
  3 water elementals
  2 slime creatures (Depths:4)
  A sphinx simulacrum (Depths:3)
  2 humans (Spider:1)
  3 deep elf fighters
  3 ogres
  5 lost souls
  An orc priest (Orc:4)
  An orc (Orc:4)
  A bat (D:10)
  6 bushes (Depths:1)
  10 fungi
  27 plants
76 creatures vanquished.

Grand Total: 2914 creatures vanquished

Notes
Turn   | Place    | Note
--------------------------------------------------------------
     0 | D:1      | zoltan, the Minotaur Berserker, began the quest for the Orb.
     0 | D:1      | Reached XP level 1. HP: 19/19 MP: 1/1
   448 | D:1      | Reached XP level 2. HP: 25/27 MP: 1/1
   495 | D:1      | Acquired Trog's second power
   579 | D:1      | Reached skill level 4 in Fighting
   846 | D:1      | Reached XP level 3. HP: 29/33 MP: 2/2
  1341 | D:2      | Found a glowing golden altar of the Shining One.
  1427 | D:2      | Reached XP level 4. HP: 27/41 MP: 2/2
  2015 | D:2      | Reached skill level 1 in Slings
  2074 | D:2      | Found a burning altar of Makhleb.
  2075 | D:2      | Noticed a blizzard demon
  2619 | D:3      | Reached XP level 5. HP: 47/47 MP: 2/2
  3411 | D:4      | Noticed a sky beast
  3461 | D:4      | Killed a sky beast
  3461 | D:4      | Reached skill level 5 in Fighting
  3461 | D:4      | Reached skill level 5 in Maces & Flails
  3461 | D:4      | Reached XP level 6. HP: 11/56 MP: 3/3
  3680 | D:4      | Noticed Duvessa
  3681 | D:4      | Noticed Dowan
  3684 | D:4      | Reached skill level 5 in Armour
  3687 | D:4      | Killed Duvessa
  3689 | D:4      | Killed Dowan
  3887 | D:4      | Noticed a phantom
  3903 | D:4      | Killed a phantom
  3903 | D:4      | Reached XP level 7. HP: 57/62 MP: 3/3
  3951 | D:4      | Found a white marble altar of Elyvilon.
  3952 | D:4      | Found a basalt altar of Yredelemnul.
  4109 | D:4      | Found a shadowy altar of Dithmenos.
  4145 | D:4      | Acquired Trog's third power
  4307 | D:4      | Reached skill level 6 in Armour
  4479 | D:4      | Found a staircase to the Ecumenical Temple.
  4489 | Temple   | Entered the Ecumenical Temple
  4520 | D:5      | Entered Level 5 of the Dungeon
  4520 | D:5      | Noticed Sigmund
  4528 | D:5      | Killed Sigmund
  4916 | D:5      | Received a gift from Trog
  4916 | D:5      | Reached XP level 8. HP: 67/71 MP: 3/3
  5577 | D:5      | Found a snail-covered altar of Cheibriados.
  5577 | D:5      | Found a stormy altar of Qazlal.
  5715 | D:6      | Reached skill level 7 in Fighting
  5887 | D:6      | Found an iron altar of Okawaru.
  5949 | D:6      | Reached skill level 1 in Bows
  6401 | D:6      | Received a gift from Trog
  6996 | D:7      | Reached skill level 1 in Evocations
  7071 | D:7      | Received a gift from Trog
  7086 | D:7      | Reached skill level 5 in Dodging
  7151 | D:7      | Reached XP level 9. HP: 81/81 MP: 5/5
  7440 | D:7      | Reached skill level 8 in Armour
  8046 | D:8      | Got a blackened leather armour
  8057 | D:8      | Identified the +3 leather armour "Schiughof" {Int-4} (You found it on level 8 of the Dungeon)
  8057 | D:8      | Lost intelligence.
  8321 | D:8      | Found Trah's Armour Shoppe.
  8453 | D:8      | Noticed Psyche
  8463 | D:8      | Killed Psyche
  9230 | D:9      | Reached skill level 9 in Fighting
  9230 | D:9      | Reached skill level 5 in Bows
  9496 | D:9      | Reached XP level 10. HP: 70/91 MP: 5/5
  9827 | D:9      | Found a shattered altar of Ashenzari.
  9901 | D:10     | Entered Level 10 of the Dungeon
  9978 | D:10     | Found Waesa's Book Shoppe.
 10034 | D:10     | Found a staircase to the Orcish Mines.
 10134 | D:10     | Noticed Erolcha
 10153 | D:10     | Killed Erolcha
 10169 | D:10     | Found a blossoming altar of Fedhas.
 10780 | D:10     | Reached skill level 10 in Armour
 10790 | D:10     | Reached skill level 10 in Fighting
 11046 | D:10     | Received a gift from Trog
 11106 | D:10     | Noticed Gastronok
 11126 | D:10     | Killed Gastronok
 11165 | D:10     | Received a gift from Trog
 11171 | D:10     | Reached XP level 11. HP: 97/100 MP: 6/6
 11576 | D:10     | Found a blossoming altar of Fedhas.
 11607 | D:10     | Reached skill level 10 in Maces & Flails
 11778 | D:10     | Noticed a hill giant
 11785 | D:10     | Killed a hill giant
 11935 | D:11     | Reached skill level 11 in Armour
 11950 | D:11     | Received a gift from Trog
 12037 | D:11     | Found a staircase to the Lair.
 12071 | Lair:1   | Entered Level 1 of the Lair of Beasts
 12191 | D:11     | Killed an unseen horror
 12228 | D:11     | Noticed a five-headed hydra
 12280 | D:11     | Killed a five-headed hydra
 12672 | D:11     | Noticed a six-headed hydra
 12683 | D:11     | Killed a six-headed hydra
 12705 | D:11     | Noticed a hill giant
 12718 | D:11     | Killed a hill giant
 12967 | D:11     | Identified a scroll of acquirement
 13312 | D:11     | Reached XP level 12. HP: 110/110 MP: 2/7
 13450 | D:12     | Reached skill level 12 in Armour
 14538 | D:13     | Noticed a centaur warrior
 14549 | D:13     | Killed a centaur warrior
 14825 | D:13     | Received a gift from Trog
 15388 | D:14     | Received a gift from Trog
 15388 | D:14     | Reached skill level 13 in Armour
 15407 | D:14     | Found a shattered altar of Ashenzari.
 15573 | D:14     | Found a gate to the Vaults.
 15634 | D:14     | Noticed a fire dragon
 15648 | D:14     | Killed a fire dragon
 15651 | D:14     | Reached XP level 13. HP: 78/121 MP: 2/7
 15666 | D:14     | Found a labyrinth entrance.
 15681 | Lab      | Entered a labyrinth
 16543 | D:14     | Received a gift from Trog
 16678 | D:14     | Received a gift from Trog
 17019 | D:14     | Noticed a centaur warrior
 17022 | D:14     | Killed a centaur warrior
 17499 | Lair:1   | Got a warped iron ring
 17501 | Lair:1   | Identified the ring "Nocuq" {rElec Int+4 Slay+2} (You found it on level 1 of the Lair of Beasts)
 18293 | Lair:1   | Reached skill level 14 in Armour
 18464 | Lair:2   | Received a gift from Trog
 18853 | Lair:2   | Noticed Erica
 18869 | Lair:2   | Killed Erica
 19489 | Lair:2   | Reached skill level 10 in Dodging
 19880 | Lair:3   | Reached skill level 10 in Bows
 19886 | Lair:3   | Received a gift from Trog
 20241 | Lair:3   | Reached XP level 14. HP: 130/132 MP: 6/7
 20292 | Lair:3   | Received a gift from Trog
 20658 | Lair:4   | Received a gift from Trog
 20686 | Lair:4   | Found a staircase to the Shoals.
 20948 | Lair:4   | Received a gift from Trog
 21979 | Lair:5   | Received a gift from Trog
 22844 | Lair:6   | Received a gift from Trog
 23016 | Lair:6   | Reached skill level 15 in Armour
 23132 | Lair:6   | Found a hole to the Spider Nest.
 24503 | Lair:6   | Received a gift from Trog
 24731 | Lair:7   | Reached skill level 15 in Fighting
 24859 | Lair:8   | Entered Level 8 of the Lair of Beasts
 25464 | Lair:8   | Found a staircase to the Slime Pits.
 25551 | Lair:8   | Identified a +0 rod of striking (11/11) (You found it on level 8 of the Lair of Beasts)
 25768 | Lair:8   | Reached skill level 15 in Maces & Flails
 26024 | Lair:8   | Received a gift from Trog
 26313 | Lair:8   | Reached XP level 15. HP: 117/140 MP: 5/16
 27563 | Orc:1    | Entered Level 1 of the Orcish Mines
 27573 | Orc:1    | Found a roughly hewn altar of Beogh.
 27617 | Orc:1    | Found a bloodstained altar of Trog.
 27741 | Orc:1    | Received a gift from Trog
 27836 | Orc:1    | Received a gift from Trog
 28210 | Orc:2    | Found a radiant altar of Vehumet.
 28241 | Orc:1    | Found Hisooc's Distillery.
 28253 | Orc:1    | Bought 2 potions of curing for 52 gold pieces
 28253 | Orc:1    | Bought a potion of resistance for 91 gold pieces
 28253 | Orc:1    | Bought a potion of heal wounds for 39 gold pieces
 28253 | Orc:1    | Bought a potion of curing for 26 gold pieces
 28253 | Orc:1    | Bought a potion of heal wounds for 39 gold pieces
 28253 | Orc:1    | Bought a potion of invisibility for 71 gold pieces
 28464 | Orc:3    | Received a gift from Trog
 28491 | Orc:3    | Found a staircase to the Elven Halls.
 28500 | Orc:3    | Reached skill level 5 in Evocations
 28554 | Orc:3    | Noticed Josephine
 28562 | Orc:3    | Killed Josephine
 29078 | Orc:4    | Entered Level 4 of the Orcish Mines
 29081 | Orc:4    | Found a roughly hewn altar of Beogh.
 29122 | Orc:4    | Received a gift from Trog
 29133 | Orc:4    | Found a roughly hewn altar of Beogh.
 29145 | Orc:4    | Found Mniclurph's Jewellery Shop.
 29386 | Orc:4    | Found a roughly hewn altar of Beogh.
 29699 | Orc:4    | Found a roughly hewn altar of Beogh.
 29725 | Orc:4    | Found a roughly hewn altar of Beogh.
 29725 | Orc:4    | Found Ocaj's Assorted Antiques.
 29815 | Orc:4    | Noticed Saint Roka
 30137 | Orc:4    | Reached skill level 16 in Armour
 30153 | Orc:4    | Killed Saint Roka
 30467 | Orc:4    | Received a gift from Trog
 30536 | Orc:4    | Found a roughly hewn altar of Beogh.
 30536 | Orc:4    | Found Twoix's Antique Weapon Emporium.
 30699 | Orc:4    | Found Ylaw's Antique Armour Shoppe.
 30800 | Orc:4    | Bought an uncursed ring of see invisible for 225 gold pieces
 31241 | D:15     | Entered Level 15 of the Dungeon
 31397 | D:15     | Received a gift from Trog
 32785 | D:15     | Noticed Frances
 32803 | D:15     | Killed Frances
 32851 | D:15     | Received a gift from Trog
 33169 | D:15     | Reached XP level 16. HP: 149/151 MP: 6/18
 33410 | D:15     | Found a staircase to the Depths.
 33420 | D:15     | Received a gift from Trog
 34102 | Elf:1    | Entered Level 1 of the Elven Halls
 34296 | Elf:1    | Reached skill level 17 in Armour
 34657 | Elf:1    | Received a gift from Trog
 34858 | Elf:1    | Found Xismaf Sucuy's Distillery.
 34880 | Elf:1    | Bought a potion of heal wounds for 54 gold pieces
 34880 | Elf:1    | Bought a potion of restore abilities for 54 gold pieces
 34880 | Elf:1    | Bought a potion of curing for 36 gold pieces
 34880 | Elf:1    | Bought a potion of curing for 36 gold pieces
 34880 | Elf:1    | Bought a potion of curing for 36 gold pieces
 34880 | Elf:1    | Bought a potion of might for 45 gold pieces
 34880 | Elf:1    | Bought a potion of haste for 126 gold pieces
 34880 | Elf:1    | Bought a potion of haste for 126 gold pieces
 34880 | Elf:1    | Bought a potion of curing for 36 gold pieces
 34880 | Elf:1    | Bought a potion of might for 45 gold pieces
 35544 | Elf:2    | Got a shimmering lead ring
 35546 | Elf:2    | Identified the cursed ring "Legacas" {EV-2 Slay-4} (You found it on level 2 of the Elven Halls)
 35909 | Elf:2    | Found Klown's Antique Weapon Emporium.
 36059 | Elf:2    | Received a gift from Trog
 36362 | Elf:2    | Got a pair of faintly glowing boots
 36373 | Elf:2    | Identified the +5 pair of boots of the Saviour {rPois} (You acquired it on level 2 of the Elven Halls)
 36821 | Spider:1 | Entered Level 1 of the Spider Nest
 36848 | Lair:6   | Received a gift from Trog
 37517 | Spider:1 | Noticed Kirke
 37530 | Spider:1 | Killed Kirke
 37607 | Spider:1 | Received a gift from Trog
 38349 | Spider:2 | Received a gift from Trog
 39001 | Spider:3 | Got a faintly glowing lead ring
 39003 | Spider:3 | Identified the ring of Pliciann {rC- MR+ Slay+5} (You found it on level 3 of the Spider Nest)
 39353 | Spider:3 | Received a gift from Trog
 39626 | Spider:3 | Got a steaming hunting sling
 39806 | Spider:3 | Reached XP level 17. HP: 161/161 MP: 7/19
 40164 | Spider:3 | Identified the cursed +2 hunting sling of Righteous Anger {velocity, +Blink +Fly MR+} (You found it on level 3 of the Spider Nest)
 40374 | Spider:4 | Reached skill level 18 in Armour
 41444 | Spider:5 | Entered Level 5 of the Spider Nest
 41455 | Spider:5 | Received a gift from Trog
 41949 | Spider:5 | Noticed zoltan's ghost (mighty MiBe)
 42315 | Spider:5 | Killed zoltan's ghost
 42996 | Spider:5 | Noticed Roxanne
 43100 | Spider:5 | Noticed Aizul
 43112 | Spider:5 | Killed Aizul
 43162 | Spider:5 | Killed Roxanne
 43483 | Spider:5 | Received a gift from Trog
 45735 | Spider:5 | Got a gossamer rune of Zot
 45912 | Spider:5 | Noticed Arachne
 45938 | Spider:5 | Killed Arachne
 46514 | Shoals:1 | Entered Level 1 of the Shoals
 46515 | Shoals:1 | Found Not Xoy's Assorted Antiques.
 46569 | Shoals:1 | Reached XP level 18. HP: 125/172 MP: 6/20
 46581 | Shoals:1 | Bought a scroll of enchant armour for 210 gold pieces
 46581 | Shoals:1 | Bought a scroll of teleportation for 84 gold pieces
 46581 | Shoals:1 | Bought a pair of polished gloves for 266 gold pieces
 46581 | Shoals:1 | Bought an encrusted ruby ring for 140 gold pieces
 46581 | Shoals:1 | Bought a small ivory amulet for 140 gold pieces
 46673 | Lair:2   | Identified the +1 pair of gloves of Baloumec {Dex+4 Int+2 SInv} (You bought it in a shop on level 1 of the Shoals)
 46920 | Shoals:1 | Received a gift from Trog
 47081 | Shoals:1 | Found Ydghahai's Jewellery Shoppe.
 47090 | Shoals:1 | Bought the amulet of the Four Winds {Clar rN+ MR+++} for 720 gold pieces
 47464 | Shoals:1 | Found Fruox's Magic Scroll Shoppe.
 47492 | Shoals:1 | Bought a scroll of remove curse for 30 gold pieces
 47492 | Shoals:1 | Bought a scroll of identify for 20 gold pieces
 47492 | Shoals:1 | Bought a scroll of magic mapping for 35 gold pieces
 47492 | Shoals:1 | Bought a scroll of magic mapping for 35 gold pieces
 47492 | Shoals:1 | Bought a scroll of remove curse for 30 gold pieces
 47492 | Shoals:1 | Bought a scroll of blinking for 75 gold pieces
 47544 | Shoals:1 | Received a gift from Trog
 48339 | Shoals:2 | Reached skill level 19 in Fighting
 48909 | Shoals:3 | Received a gift from Trog
 50718 | Shoals:5 | Entered Level 5 of the Shoals
 50814 | Shoals:5 | Got a glittering turquoise ring
 50816 | Shoals:5 | Identified the ring "Khoskec" {SustAb Dex+4} (You found it on level 5 of the Shoals)
 50882 | Shoals:5 | Noticed Ilsuiw
 50912 | Shoals:5 | Killed Ilsuiw
 51263 | Shoals:5 | Received a gift from Trog
 51424 | Shoals:5 | Got a barnacled rune of Zot
 51796 | Shoals:5 | Identified a cursed +2 rod of ignition (13/13) (You found it on level 5 of the Shoals)
 51866 | Shoals:5 | Received a gift from Trog
 52523 | Elf:3    | Entered Level 3 of the Elven Halls
 52593 | Elf:3    | Reached XP level 19. HP: 168/183 MP: 7/21
 52823 | Elf:2    | HP: 9/183 [deep elf annihilator/bolt of lightning (29)]
 53380 | Elf:3    | Found Khead's Gadget Emporium.
 54232 | Elf:3    | Received a gift from Trog
 54388 | Elf:3    | Received a gift from Trog
 54388 | Elf:3    | Reached skill level 20 in Fighting
 54713 | Elf:3    | Received a gift from Trog
 54755 | Elf:3    | Found Raaram's Jewellery Boutique.
 55638 | Elf:3    | Got an uncursed encrusted morningstar {drain}
 55644 | Elf:3    | Identified the +8 morningstar "Thatho" {drain, -Tele rN+ MR+ Stlth+} (You took it off a deep elf fighter on level 3 of the Elven Halls)
 55776 | Elf:3    | Got a transparent dagger
 56670 | Elf:3    | Got a warped long sword
 56801 | Elf:3    | Received a gift from Trog
 56811 | Elf:3    | Got an ivory quarterstaff {god gift}
 57034 | Elf:3    | Found Sempiyma's Jewellery Shop.
 57387 | Elf:3    | Identified the +6 dagger of Responsibility {stab, *Rage rF+} (You took it off a deep elf annihilator on level 3 of the Elven Halls)
 57388 | Elf:3    | Identified the +4 long sword "Maack" {slice, +Rage rElec rPois rC-} (You took it off a deep elf sorcerer on level 3 of the Elven Halls)
 57389 | Elf:3    | Identified the +4 quarterstaff "Plul" {crush, *Rage rC+ MR+} (Trog gifted it to you on level 3 of the Elven Halls)
 57431 | Elf:3    | Got a crystal dagger
 57432 | Elf:3    | Identified the cursed -2 dagger of Division {venom, Str+2} (You found it on level 3 of the Elven Halls)
 57445 | Elf:3    | Got a crude brass amulet
 57485 | Elf:3    | Identified the amulet "Ducuatuh" {Inacc +Rage rPois rC+} (You found it on level 3 of the Elven Halls)
 58028 | Vaults:1 | Entered Level 1 of the Vaults
 58149 | Vaults:1 | Received a gift from Trog
 58785 | Vaults:1 | Noticed Nikola
 58790 | Vaults:1 | Killed Nikola
 59024 | Vaults:1 | Noticed Wiglaf
 59039 | Vaults:1 | Killed Wiglaf
 59039 | Vaults:1 | Reached XP level 20. HP: 152/194 MP: 7/22
 59262 | Vaults:1 | Received a gift from Trog
 59382 | Vaults:1 | Reached skill level 15 in Bows
 60263 | Vaults:2 | Reached skill level 21 in Fighting
 60545 | Vaults:2 | Received a gift from Trog
 60665 | Vaults:2 | Reached skill level 15 in Dodging
 61627 | Vaults:2 | Got a fine plate armour
 61659 | Vaults:2 | Got an ichor-stained cutlass
 61687 | Vaults:2 | Received a gift from Trog
 61785 | Vaults:2 | Identified the +7 plate armour of the Grue {rF+} (You found it on level 2 of the Vaults)
 61785 | Vaults:2 | Identified the +6 cutlass of Tootsof {drain, rC+ rN+ SInv} (You found it on level 2 of the Vaults)
 62023 | Vaults:3 | Found a staircase to the Crypt.
 63500 | Vaults:3 | Received a gift from Trog
 63541 | Vaults:3 | Found a gateway to a bazaar.
 63547 | Bazaar   | Entered a bazaar
 63561 | Bazaar   | Found Qaiga's Armour Emporium.
 63561 | Bazaar   | Found Hopuj's Distillery.
 63583 | Bazaar   | Found Cimaiw's Book Emporium.
 63583 | Bazaar   | Found Icariab's Magic Scroll Shoppe.
 63621 | Bazaar   | Found Godur's Antique Weapon Emporium.
 63674 | Bazaar   | Bought a scroll of remove curse for 33 gold pieces
 63674 | Bazaar   | Bought a scroll of remove curse for 33 gold pieces
 63674 | Bazaar   | Bought a scroll of identify for 22 gold pieces
 63674 | Bazaar   | Bought a scroll of teleportation for 33 gold pieces
 63674 | Bazaar   | Bought a scroll of magic mapping for 38 gold pieces
 63674 | Bazaar   | Bought a scroll of identify for 22 gold pieces
 63674 | Bazaar   | Bought a scroll of identify for 22 gold pieces
 63695 | Bazaar   | Bought a potion of flight for 27 gold pieces
 63695 | Bazaar   | Bought a potion of flight for 27 gold pieces
 63695 | Bazaar   | Bought 2 potions of might for 45 gold pieces
 63695 | Bazaar   | Bought a potion of agility for 22 gold pieces
 63695 | Bazaar   | Bought a potion of curing for 18 gold pieces
 64601 | Vaults:4 | Reached XP level 21. HP: 155/201 MP: 8/26
 65138 | Vaults:4 | Received a gift from Trog
 65529 | Vaults:4 | Found Xorr's Jewellery Boutique.
 65545 | Vaults:4 | Bought an uncursed ring of flight for 280 gold pieces
 65571 | Vaults:4 | Received a gift from Trog
 65590 | Vaults:4 | Reached skill level 22 in Fighting
 66036 | Vaults:4 | Found a portal to a secret trove of treasure.
 66049 | Vaults:4 | Found a gateway to a bazaar.
 66059 | Bazaar   | Entered a bazaar
 66065 | Bazaar   | Found Frekhic's Antique Weapon Shop.
 66079 | Bazaar   | Found Fometz's Food Boutique.
 66093 | Bazaar   | Found Aprif's Armour Shop.
 66107 | Bazaar   | Found Deav's Food Boutique.
 66121 | Bazaar   | Found Boak's Antique Armour Shop.
 66135 | Bazaar   | Found Musaub's Food Boutique.
 66272 | Bazaar   | Bought a dazzling shortbow for 216 gold pieces
 66273 | Bazaar   | Identified the cursed +1 shortbow of the Spheres {velocity, +Fly rC+ rN+} (You bought it in a shop in a bazaar)
 66290 | Bazaar   | Bought a bread ration for 55 gold pieces
 66290 | Bazaar   | Bought a bread ration for 55 gold pieces
 66290 | Bazaar   | Bought a bread ration for 55 gold pieces
 66290 | Bazaar   | Bought a bread ration for 55 gold pieces
 66290 | Bazaar   | Bought a bread ration for 55 gold pieces
 66323 | Bazaar   | Bought a meat ration for 50 gold pieces
 66323 | Bazaar   | Bought a bread ration for 50 gold pieces
 66352 | Bazaar   | Bought a bread ration for 60 gold pieces
 66352 | Bazaar   | Bought a meat ration for 60 gold pieces
 66352 | Bazaar   | Bought a bread ration for 60 gold pieces
 66352 | Bazaar   | Bought a meat ration for 60 gold pieces
 66523 | Vaults:4 | Received a gift from Trog
 67228 | Vaults:4 | Received a gift from Trog
 68027 | Depths:1 | Entered Level 1 of the Depths
 68031 | Depths:1 | Noticed Norris
 68344 | D:15     | Killed Norris
 68760 | Depths:1 | Noticed Asterion
 68779 | Depths:1 | Killed Asterion
 68786 | Depths:1 | Found a gateway to a ziggurat.
 68975 | Depths:1 | Received a gift from Trog
 69040 | Depths:1 | Noticed Sojobo
 69051 | Depths:1 | Killed Sojobo
 69051 | Depths:1 | Received a gift from Trog
 69194 | Depths:1 | Found a gateway to Hell.
 70293 | Depths:2 | Reached skill level 23 in Fighting
 70295 | Depths:2 | Received a gift from Trog
 70295 | Depths:2 | Reached XP level 22. HP: 170/215 MP: 9/29
 71054 | Depths:2 | Received a gift from Trog
 71696 | Depths:2 | Reached skill level 10 in Evocations
 71920 | Depths:2 | Received a gift from Trog
 72296 | Depths:3 | Received a gift from Trog
 72630 | Depths:3 | Noticed Frederick
 72644 | Depths:3 | Killed Frederick
 72694 | Depths:3 | Found a one-way gate leading to the halls of Pandemonium.
 72852 | Depths:3 | Found Stany's Elemental Accessories.
 73151 | Depths:3 | Got a pitted lajatang
 73152 | Depths:3 | Identified the +2 lajatang of Rubbish {speed, rPois rN+ Stlth+} (You found it on level 3 of the Depths)
 73342 | Depths:3 | Reached skill level 24 in Fighting
 74942 | Depths:4 | Received a gift from Trog
 75033 | Depths:4 | Received a gift from Trog
 75033 | Depths:4 | Reached XP level 23. HP: 227/227 MP: 10/30
 75179 | Depths:4 | Found a shimmering altar of Xom.
 75480 | Depths:4 | Found a shadowy altar of Dithmenos.
 75850 | Depths:4 | Found a snail-covered altar of Cheibriados.
 76116 | Depths:4 | Received a gift from Trog
 76621 | Depths:4 | Found a blossoming altar of Fedhas.
 76735 | Depths:4 | Reached skill level 25 in Fighting
 76805 | Depths:4 | Found a one-way gate to the infinite horrors of the Abyss.
 76902 | Depths:4 | Received a gift from Trog
 77025 | Depths:4 | Received a gift from Trog
 78475 | Depths:5 | Entered Level 5 of the Depths
 78761 | Depths:5 | Received a gift from Trog
 79821 | Depths:5 | Noticed Margery
 79831 | Depths:5 | Killed Margery
 79831 | Depths:5 | Reached skill level 26 in Fighting
 79831 | Depths:5 | Reached XP level 24. HP: 148/240 MP: 10/31
 79851 | Depths:5 | Received a gift from Trog
 80567 | Depths:5 | Found a gate to the Realm of Zot.
 80615 | Depths:5 | Received a gift from Trog
 81405 | Vaults:5 | Entered Level 5 of the Vaults
 81756 | Vaults:4 | Received a gift from Trog
 82235 | Vaults:4 | Received a gift from Trog
 82696 | Vaults:5 | Reached skill level 27 in Fighting
 82699 | Vaults:5 | Received a gift from Trog
 83213 | Vaults:5 | Noticed Jorgrun
 83226 | Vaults:5 | Killed Jorgrun
 83228 | Vaults:5 | Got a pitted wooden ring
 83256 | Vaults:5 | Got a warped chain mail
 83267 | Vaults:5 | Identified the +9 chain mail of Dim Light {+Blink rElec Slay+4} (You found it on level 5 of the Vaults)
 83273 | Vaults:5 | Identified the ring of Benevolence {Fire Str-5 Dex+3} (You took it off Jorgrun on level 5 of the Vaults)
 83287 | Vaults:5 | Received a gift from Trog
 83636 | Vaults:5 | Reached XP level 25. HP: 214/252 MP: 10/31
 83841 | Vaults:5 | Received a gift from Trog
 83848 | Vaults:5 | Got a shimmering steel ring
 84044 | Vaults:5 | Noticed an ancient lich
 84049 | Vaults:5 | Received a gift from Trog
 84065 | Vaults:5 | Killed an ancient lich
 84723 | Vaults:5 | Identified the ring of the Invisible Hand {rPois rC+} (You took it off a yaktaur captain on level 5 of the Vaults)
 84750 | Vaults:5 | Got a silver rune of Zot
 85542 | Zot:1    | Entered Level 1 of the Realm of Zot
 85871 | Zot:1    | Received a gift from Trog
 86089 | Zot:1    | Received a gift from Trog
 86090 | Zot:1    | Got an encrusted dire flail {god gift}
 86113 | Zot:1    | Identified the +14 dire flail "Geymua" {freeze, Str+1} (Trog gifted it to you on level 1 of the Realm of Zot)
 86957 | Zot:1    | Gained mutation: You can spit poison. [potion of beneficial mutation]
 88325 | Zot:2    | Cast into the Abyss (a Zot trap)
 88325 | Abyss:1  | Found a corrupted altar of Lugonu.
 88458 | Zot:2    | Escaped the Abyss
 89051 | Zot:3    | Received a gift from Trog
 89165 | Zot:3    | Reached XP level 26. HP: 259/259 MP: 12/32
 89212 | Zot:3    | Received a gift from Trog
 90490 | Zot:4    | Noticed an orb of fire
 90518 | Zot:4    | Gained mutation: You are weak. (Str -2) [an orb of fire]
 90521 | Zot:4    | Gained mutation: Armour fits poorly on your strangely shaped body. [an orb of fire]
 91637 | Orc:1    | Bought a potion of cure mutation for 455 gold pieces
 93300 | Zot:4    | Noticed an orb of fire
 93324 | Zot:4    | Gained mutation: Your vision is a little blurry. [an orb of fire]
 93329 | Zot:4    | Killed from afar by an orb of fire

Action                   |  1- 3 |  4- 6 |  7- 9 | 10-12 | 13-15 | 16-18 | 19-21 | 22-24 | 25-27 || total
-------------------------+-------+-------+-------+-------+-------+-------+-------+-------+-------++-------
Melee: Mace              |   135 |   121 |   278 |       |       |       |       |       |       ||   534
       Flail             |       |       |   153 |    50 |       |       |       |       |       ||   203
       Morningstar       |       |       |       |   233 |       |       |       |       |       ||   233
       Great mace        |       |       |       |   188 |  1315 |  1191 |  1271 |  1580 |   626 ||  6171
       Eveningstar       |       |       |       |       |    18 |       |       |       |       ||    18
       Unarmed           |       |       |       |       |    50 |     7 |       |    37 |       ||    94
 Fire: Hunting sling     |    12 |    56 |     6 |       |       |       |       |       |       ||    74
       Shortbow          |       |       |    72 |   289 |   565 |   961 |   802 |   681 |   325 ||  3695
Throw: Stone             |       |     3 |       |       |       |       |       |       |       ||     3
       Tomahawk          |       |       |    15 |       |       |       |       |       |       ||    15
Invok: Berserk           |       |     1 |     3 |     7 |     7 |     5 |     3 |     1 |       ||    27
       Trog's Hand       |       |     1 |     4 |     9 |    15 |    13 |    10 |     6 |     3 ||    61
       Burn Spellbooks   |       |       |     2 |       |     2 |     8 |     6 |     5 |     6 ||    29
       Brothers in Arms  |       |       |       |       |     2 |     4 |     4 |     2 |     5 ||    17
 Abil: Evoke Flight      |       |       |       |       |       |     2 |     1 |     7 |       ||    10
       Stop Flying       |       |       |       |       |       |       |       |     5 |       ||     5
Evoke: Wand              |       |       |     3 |       |     4 |     9 |     2 |       |    14 ||    32
       Phial of floods   |       |       |       |       |       |       |     4 |     1 |     1 ||     6
       Stone of tremors  |       |       |       |       |       |       |     1 |       |       ||     1
  Use: Scroll            |     1 |       |    17 |     8 |    10 |    25 |    14 |     8 |    13 ||    96
       Potion            |       |       |     6 |     5 |     4 |    14 |     2 |       |     5 ||    36
 Stab: Invisible         |       |       |       |       |       |     1 |       |       |       ||     1
       Distracted        |       |       |       |       |       |       |     1 |     1 |     1 ||     3
  Eat: Chunk             |     1 |     6 |     1 |       |    34 |    26 |       |     5 |       ||    73
       Fruit             |       |     3 |     6 |     9 |     3 |     4 |       |     2 |     2 ||    29
       Pizza             |       |     1 |     3 |     1 |     3 |     2 |     2 |     1 |     1 ||    14
       Bread ration      |       |       |     2 |     3 |     5 |     4 |     9 |     8 |     3 ||    34
       Royal jelly       |       |       |     2 |     1 |     2 |     3 |     1 |       |       ||     9
       Beef jerky        |       |       |     1 |     1 |       |     3 |     1 |     2 |     1 ||     9
       Meat ration       |       |       |       |       |       |     2 |     3 |     1 |     2 ||     8
